 Dungeon Crawl Stone Soup version 0.29-a0-819-g94b489e0ae (webtiles) character file.

Game seed: 10459338339955834749

77 RevDB the Trooper (level 4, -9/42 HPs)
             Began as a Draconian Monk on July 6, 2022.
             Killed by divine providence
             ... invoked by an orc priest
              (10 damage)
             ... on level 3 of the Dungeon.
             The game lasted 00:12:46 (1382 turns).

RevDB the Trooper (Draconian Monk)                  Turns: 1382, Time: 00:12:46

Health: -9/42      AC:  7    Str: 13    XL:     4   Next: 14%
Magic:  4/4        EV: 13    Int: 11    God:
Gold:   69         SH:  0    Dex: 15    Spells: 3/3 levels left

rFire   . . .      SeeInvis .   a - +0 falchion
rCold   . . .      Faith    .   (no shield)
rNeg    . . .      Spirit   .   (body armour unavailable)
rPois   .          Reflect  .   (helmet restricted)
rElec   .          Harm     .   (no cloak)
rCorr   .          Rampage  .   c - +0 pair of gloves
Will    .....                   n - +0 pair of boots
Stlth   ++........              (no amulet)
HPRegen 0.14/turn               h - ring of wizardry
MPRegen 0.09/turn               (no ring)

@: no status effects
A: AC +5, unfitting armour, cold-blooded
a: no special abilities


You were on level 3 of the Dungeon.
You visited 1 branch of the dungeon, and saw 3 of its levels.

You collected 69 gold pieces.

Inventory:

Hand Weapons
 a - a +0 falchion (weapon)
 b - a +0 dagger
Missiles
 i - 14 stones (quivered)
Armour
 c - a +0 pair of gloves (worn)
 n - a +0 pair of boots (worn)
Jewellery
 h - a ring of wizardry (left hand)
Scrolls
 d - a scroll of identify
 f - a scroll of magic mapping
 g - a scroll of teleportation {unknown}
 o - a scroll of fog {unknown}
 p - a scroll of summoning {unknown}
Potions
 j - a potion of curing {unknown}
 k - a potion of cancellation {unknown}
 l - 2 potions of invisibility {unknown}
 m - a potion of brilliance {unknown}


   Skills:
 - Level 5.3 Fighting
 + Level 3.0 Long Blades
 - Level 3.0 Dodging
 - Level 1.7 Stealth


You had 3 spell levels left.
You didn't know any spells.
Your spell library contained the following spells:

 Spells                   Type           Power      Damage    Failure   Level
 Stone Arrow              Conj/Erth      0%         3d7       38%         3
 Lehudib's Crystal Spear  Conj/Erth      0%         10d2      100%        8
 Animate Armour           Summ/Erth      Unusable   N/A       N/A         4

Dungeon Overview and Level Annotations

Branches:
Dungeon (3/15)

Altars:

Annotations:
D:3 1 runed translucent door, zhov's ghost, amateur FoAK


Innate Abilities, Weirdness & Mutations

Your plain brown scales are hard. (AC +5)
You cannot fit into any form of body armour.
You are cold-blooded and may be slowed by cold attacks.


Message History

You feel clever.
You bump into the rock wall.
You feel less invigorated. The ball python barely misses you.
The ball python closely misses you.
The ball python bites you but does no damage.
The ball python grabs you. The ball python constricts you.
You bump into the rock wall.
The orc priest casts a cantrip, but nothing happens.
The ball python bites you. The ball python constricts you.
You bump into the rock wall.
The orc priest looks satisfied for a moment.
The ball python barely misses you. The ball python constricts you.
You slash the ball python!
You kill the ball python!
The orc priest mumbles some strange prayers to Beogh against you.
Beogh smites you!
* * * LOW HITPOINT WARNING * * *
The orc hits you but does no damage.
You slash the orc!
You kill the orc!
You hit the orc but do no damage. The orc closely misses you.
You're too confused to move!
The orc hits you but does no damage.
You bump into the rock wall.
The orc completely misses you.
You completely miss the orc.
You feel less confused. The orc hits you with a +0 dagger.
* * * LOW HITPOINT WARNING * * *
The orc attacks as you move away! The orc misses you.
As you read the scroll labelled YBBESTR SUSOBA, it crumbles to dust.
It is a scroll of identify.
f - a scroll of magic mapping The orc hits you with a +0 dagger.
* * * LOW HITPOINT WARNING * * *
The orc attacks as you move away! The orc barely misses you.
The orc attacks as you move away! The orc hits you with a +0 dagger.
* * * LOW HITPOINT WARNING * * *
The orc priest miscasts a cantrip.
The orc attacks as you move away! The orc closely misses you.
The orc priest invokes the aid of Beogh against you.
Beogh smites you!
You die...

#.##### #.#
#.# #.#
####.#######
#.#
...........#
#.#
.###.#####.#
####.# .
#........
..#.##
.###.#####.#
#.#..#
.....####
#.#.#.#
#.......##
#.@###..
#...........
#o#.# ###
#...#+#....#
#.##.#
...##W##...#
#o# .#
..##...##...
#.# .
.##.....##..
#.## #.
.#⌠.!♣?.⌠#..
#o.# .#
.##.....##.
##.# #
..##...##.
#.#


You could see an orc priest and 2 orcs.

Vanquished Creatures
  An orc wizard (D:3)
  2 adders (D:3)
  An orc (D:3)
  4 ball pythons
  2 bats (D:1)
  3 endoplasms (D:1)
  5 goblins
  3 hobgoblins (D:1)
  A quokka (D:1)
  3 frilled lizards (D:1)
  4 kobolds
  2 rats
31 creatures vanquished.

Notes
Turn   | Place    | Note
-------+----------+-------------------------------------------
     0 | D:1      | RevDB the Draconian Monk began the quest for the Orb.
     0 | D:1      | Reached XP level 1. HP: 19/19 MP: 1/1
   210 | D:1      | Reached skill level 4 in Fighting
   210 | D:1      | Reached XP level 2. HP: 11/27 MP: 2/2
  1190 | D:3      | Reached XP level 3. HP: 22/34 MP: 3/3
  1279 | D:3      | Found a runed translucent door.
  1279 | D:3      | Noticed zhov's ghost (amateur FoAK)
  1364 | D:3      | Reached skill level 5 in Fighting
  1364 | D:3      | Reached XP level 4. HP: 15/42 MP: 4/4
  1375 | D:3      | HP: 2/42 [orc/+0 dagger (1)]
  1382 | D:3      | Killed from afar by an orc priest

Illustrated notes

Levels and vault maps discovered:
D:1:      dpeg_arrival_chambers_temple_mockup, layout_basic
D:2:      layout_loops_ring, basic_altar, serial_shops,
          nicolae_shop_behind_doors, hellmonk_ecumenical_altar_crossroads
D:3:      layout_loops_ring, hellmonk_ghost_happy_afterlife,
          portal_sewer_entry_c, nicolae_elevator_lobby_asterisk

Skill      XL: |  1  2  3 |
---------------+----------+-----
Fighting       | 4 5 |  5.3
Dodging        | 3 |  3.0
Long Blades    | |  3.0
Stealth        | |  1.7

Action                   |  1- 3 |  4- 6 || total
-------------------------+-------+-------++-------
Melee: Falchion          |    90 |     4 ||    94
       Tailslap          |     6 |       ||     6
       Punch             |     1 |       ||     1
  Use: Potion            |     1 |       ||     1
       Scroll            |       |     1 ||     1
 Stab: Sleeping          |     5 |       ||     5
Armor: Skin              |    27 |     3 ||    30
Dodge: Dodged            |    56 |     8 ||    64

Table legend: (Time is in decaauts)
 A = Elapsed time spent in this place.
 B = Non-inter-level travel time spent in this place.
 C = Inter-level travel time spent in this place.
 D = Time resting spent in this place.
 E = Time spent auto-exploring this place.
 F = Levels seen in this place.
 G = Mean time per level.
                   A        B        C        D        E       F      G
               +--------+--------+--------+--------+--------+-----+--------+
         Total |   1395 |   1395 |      0 |    180 |    262 |   3 |  465.0 |
       Dungeon |   1395 |   1395 |      0 |    180 |    262 |   3 |  465.0 |
               +--------+--------+--------+--------+--------+-----+--------+

Top non-repeatable levels by time:
     D:1: 1104 daAuts
     D:3: 222 daAuts
     D:2: 68 daAuts
